 Seeded DCSS version 0.30.1-11-g7821555f0a (webtiles) character file.

Game seed: 5 (custom seed)

7 Kazon the Trooper (level 1, -1/18 HPs)
             Began as a Mummy Fighter on Nov 8, 2023.
             Slain by a goblin
             ... wielding a +0 dagger
              (3 damage)
             ... on level 1 of the Dungeon.
             The game lasted 00:00:33 (77 turns).

Kazon the Trooper (Mummy Fighter)                     Turns: 77, Time: 00:00:33

Health: -1/18      AC:  0    Str: 19    XL:     1   Next: 83%
Magic:  1/1        EV: 11    Int:  7    God:
Gold:   0          SH:  4    Dex: 11    Spells: 0/0 levels left

rFire   x . .        (no weapon)
rCold   + . .        c - +0 buckler
rNeg    + + +        (no body armour)
rPois   ∞            (no helmet)
rElec   .            (no cloak)
rCorr   .            (no gloves)
SInv    .            (no boots)
Will    .....        (no amulet)
Stlth   +            (no ring)
HPRegen 0.23/turn    (no ring)
MPRegen 0.07/turn

%: faith
@: no status effects
A: cold resistance 1, negative energy resistance 3, torment resistance 2, heat
vulnerability 1, no potions, faith
a: no special abilities


You were on level 1 of the Dungeon.
You visited 1 branch of the dungeon, and saw 1 of its levels.

Inventory:

Armour
 c - a +0 buckler (worn)
Scrolls
 d - a scroll of acquirement


   Skills:
 + Level 3.0 Fighting
 + Level 1.6 Axes
 + Level 2.5 Armour
 + Level 2.6 Shields


You couldn't memorise any spells.
You didn't know any spells.
Your spell library was empty.

Dungeon Overview and Level Annotations

Branches:
Dungeon (1/15)

Altars:


Innate Abilities, Weirdness & Mutations

You are immune to poison.
Your flesh is cold resistant. (rC+)
You are immune to negative energy. (rN+++)
You are immune to unholy pain and torment.
You are vulnerable to heat. (rF-)
You do not drink.
You have a special connection with the divine. (Faith)


Message History

Moving in this stuff is going to be slow.
A goblin comes into view. It is wielding a +0 dagger.
The goblin attacks as you move away! The goblin hits you with a +0 dagger.
An endoplasm comes into view.
The endoplasm quivers.
The endoplasm jiggles.
The goblin attacks as you move away! The goblin hits you with a +0 dagger.
The goblin attacks as you move away!
The goblin splashes around in the water.
Why would you want to do that?
The goblin splashes around in the water.
The endoplasm hits you.
The goblin splashes around in the water.
The endoplasm attacks as you move away! The endoplasm closely misses you.
You block the goblin's attack.
Your unstable footing causes you to fumble your attack.
The goblin hits you with a +0 dagger. The endoplasm closely misses you.
The endoplasm attacks as you move away! The endoplasm closely misses you.
Found 10 gold pieces and a red potion.
The goblin attacks as you move away!
The goblin splashes around in the water.
A jackal comes into view.
The jackal barks!
You hear a shout!
You hear a bark!
A jackal comes into view.
An endoplasm comes into view.
A jackal comes into view.
A goblin comes into view. It is wielding a +0 dagger.
Found a scroll labelled FOQEFA DOBLIOG.
The jackal barks!
The endoplasm quivers.
The jackal bites you. The jackal bites you.
* * * LOW HITPOINT WARNING * * *
You block the jackal's attack. The goblin attacks as you move away!
The goblin misses you. The jackal completely misses you.
The jackal closely misses you. The jackal bites you.
* * * LOW HITPOINT WARNING * * *
The endoplasm hits you.
* * * LOW HITPOINT WARNING * * *
The goblin hits you with a +0 dagger.
You die...

###########
..........#
..........+ ####+#
#..?.......# #.....
#..........# #.....
#...$....!.# #.....
#......g@..# #.....
#......hJh.# #.....
#......gh..# #.....
##.......J..#.#
#)####
#~♣♣♣P♣.....#.#
#.....
##♣~~♣~~~~....#.#
#.####
♣♣♣~~≈~~~P~~....#.#
#[#
~~~~≈≈≈~~~~♣#####.#
#.#
~~~~≈≈≈~~~P~♣####.#
#.#


You could see 2 endoplasms, 3 jackals and 2 goblins.

Vanquished Creatures
  An endoplasm (D:1)
  4 jackals (D:1)
5 creatures vanquished.

Notes
Turn   | Place    | Note
-------+----------+-------------------------------------------
     0 | D:1      | Kazon the Mummy Fighter began the quest for the Orb.
     0 | D:1      | Reached XP level 1. HP: 18/18 MP: 1/1
    32 | D:1      | Identified a scroll of acquirement
    77 | D:1      | Slain by a goblin

Illustrated notes

Levels and vault maps discovered:
D:1:      ebering_trefoil_3fold, layout_basic, st_stairs_14, serial_bayou_ford_a

Action                     || total
---------------------------++-------
  Melee: War axe           ||     8
         Unarmed           ||     6
 Armour: Scale mail        ||     9
  Dodge: Dodged            ||    10
  Block: Buckler           ||     5
